 Dungeon Crawl Stone Soup version 0.18.1-50-g88ac8fd (webtiles) character file.

227 ololoev the Chopper (level 5, 6/42 HPs)
             Began as a Demonspawn Berserker on Oct 28, 2016.
             Was a Believer of Trog.
             Quit the game on level 3 of the Dungeon.
             The game lasted 00:04:59 (682 turns).

ololoev the Chopper (Demonspawn Berserker)           Turns: 682, Time: 00:05:00

Health: 6/42       AC:  9    Str: 19    XL:     5   Next: 70%
Magic:  0/5        EV:  8    Int:  8    God:    Trog [**....]
Gold:   19         SH:  0    Dex: 12    Spells: 0 memorised, 4 levels left

rFire  . . .     SeeInvis .     m - -1 blowgun (curse)
rCold  . . .     Gourm    .     f - +0 chain mail (curse)
rNeg   . . .     Faith    .     (no shield)
rPois  .         Spirit   +     (no helmet)
rElec  .         Dismiss  .     (no cloak)
rCorr  .         Reflect  .     (no gloves)
SustAt .         Harm     .     (no boots)
MR     ++...                    (no amulet)
Stlth  ..........               (no ring)
                                l - ring of loudness (curse)

@: exhausted, regenerating, slowed, very slow, very resistant to hostile
enchantments, extremely unstealthy
A: magic shield
a: Berserk, Trog's Hand, Burn Spellbooks, Renounce Religion


Innate Abilities, Weirdness & Mutations

When hurt, damage is shared between your health and your magic reserves.

Inventory:

Hand Weapons
 a - a +0 antimagic war axe
 m - a cursed -1 blowgun (weapon)
Missiles
 n - 14 poisoned needles (quivered)
Armour
 f - a cursed +0 chain mail (worn)
Jewellery
 l - a cursed ring of loudness (left hand)
Scrolls
 d - a scroll of remove curse {unknown}
 h - a scroll of immolation {unknown}
 k - a scroll of identify {unknown}
Potions
 b - a potion of ambrosia {unknown}
 e - a potion of heal wounds {unknown}
 j - a potion of curing {unknown}
Comestibles
 c - 3 bread rations
 g - a slice of pizza
 i - 5 chunks of flesh


   Skills:
 + Level 4.0 Fighting
 * Level 4.6 Axes
 + Level 3.0 Armour
 - Level 1.7 Dodging


You had 4 spell levels left.
You didn't know any spells.


You were on level 3 of the Dungeon.
You worshipped Trog.
Trog was pleased with you.
You were very hungry.

You visited 1 branch of the dungeon, and saw 3 of its levels.

You collected 19 gold pieces.

#......# ........#
###.###..< ........#
#......... >.......#
###.#.##.... ........#
............ .........
###.#.)..... ........#
#....)..#.. #.......#
#..##..)..#
#......@######.......###
...##..))(.(##..........
#######.#......#.###
#.#.####.#.# #
#.....##.#.###
###.#....#....
#.##########
#...........
#####..)...#.

Notes
Turn   | Place    | Note
--------------------------------------------------------------
     0 | D:1      | ololoev the Demonspawn Berserker began the quest for the Orb.
     0 | D:1      | Reached XP level 1. HP: 18/18 MP: 1/1
    78 | D:1      | Gained mutation: When hurt, damage is shared between your health and your magic reserves. [demonic ancestry]
    78 | D:1      | Reached XP level 2. HP: 14/24 MP: 2/2
   172 | D:1      | Reached XP level 3. HP: 28/29 MP: 3/3
   300 | D:2      | Found a white marble altar of Elyvilon.
   340 | D:2      | Reached ** piety under Trog
   429 | D:3      | Reached XP level 4. HP: 19/36 MP: 4/4
   545 | D:3      | Reached XP level 5. HP: 20/42 MP: 1/5
   678 | D:3      | HP: 2/42 [orc wizard/magic dart (6)]
   682 | D:3      | Quit the game

Dungeon Overview and Level Annotations

Branches:
Dungeon (3/15)

Altars:
Elyvilon


Message History

The kobold hits you.
You slice the kobold!!
You kill the kobold!
Trog accepts your kill.
Unknown command.
You slash the goblin!
You kill the goblin!
Trog accepts your kill.
You barely miss something. Something hits you but does no damage.
You barely miss the hobgoblin. You miss something.
You feel sick. Something hits you but does no damage. The hobgoblin misses you.
You slash the hobgoblin!
You kill the hobgoblin!
Trog accepts your kill.
You miss something. Something hits you but does no damage.
Something hits you but does no damage.
Found an escape hatch in the floor.
Items here: ( )) †† an enchanted blowgun; an uncursed club; 14 poisoned needles; a hobgoblin corpse a goblin corpse
m - an enchanted blowgun;
n - 14 poisoned needles You feel a strong urge to attack something.
Something hits you.
You are too berserk!
Unknown command.
You barely miss something. You barely miss something.
You feel sick. Something hits you.
You miss something. Something hits you but does no damage.
You miss something. Something hits you but does no damage.
You hit something. Something hits you but does no damage.
You closely miss something.
You are no longer berserk.
You are exhausted.
You feel yourself slow down.
You are feeling very hungry.
Something hits you but does no damage.
You barely miss something.
You feel sick.
You are no longer poisoned.
You hear some strange, mumbled words.
A puff of flame appears from out of thin air!
The puff of flame hits you! Something hits you but does no damage.
You closely miss something. Something hits you but does no damage.
You hear some strange, mumbled words.
A puff of flame appears from out of thin air!
The puff of flame hits you!
You barely miss something. Something hits you but does no damage.
You hit something.
Something hits you but does no damage. x2
You hit something.
An orc wizard appears from thin air!
Reactivating autopickup.
The orc wizard falters for a moment.
The orc wizard hits you but does no damage.
You closely miss the orc wizard.
The orc wizard is moderately wounded.
The orc wizard hits you with a dagger. The orc wizard barely misses you.
Use which ability? (? or * to list)
Your skin crawls.
You feel resistant to hostile enchantments.
You feel slightly more hungry.
The orc wizard gestures at you while chanting.
The puff of flame hits you!
The orc wizard hits you but does no damage.
You hit the orc wizard but do no damage.
The orc wizard is moderately wounded.
The orc wizard hits you but does no damage.
Your chain mail prevents you from hitting the orc wizard.
The orc wizard is moderately wounded.
The orc wizard hits you but does no damage.
The orc wizard gestures at you while chanting.
The magic dart hits you!
You slash the orc wizard!
You kill the orc wizard!
Trog accepts your kill.
Trog appreciates your killing of a magic user.
Your Armour skill increases to level 3!
Items here: ( ) [ † a dagger; a robe; a stone; a kobold corpse Wield which item (- for none, * to show all)? (? for menu, Esc to quit)
You feel magic returning to you. It sticks to your hand!
m - a cursed -1 blowgun (weapon)
Are you sure you want to abandon this character and quit the game? (Confirm with "yes".)

There were no monsters in sight!

Vanquished Creatures
  A centaur skeleton (D:3)
  An orc priest (D:3)
  An orc wizard (D:3)
  4 gnolls (D:3)
  4 adders
  An ooze (D:2)
  A worm (D:3)
  A dart slug (D:2)
  5 orcs (D:3)
  6 bats
  A giant cockroach (D:1)
  9 hobgoblins
  7 jackals
  2 quokkas (D:3)
  2 giant newts (D:3)
  3 goblins
  6 kobolds
  A rat (D:1)
56 creatures vanquished.

Action                   |  1- 3 |  4- 6 || total
-------------------------+-------+-------++-------
Melee: Hand axe          |    94 |    34 ||   128
       War axe           |       |    65 ||    65
Invok: Berserk           |     4 |     3 ||     7
       Trog's Hand       |       |     5 ||     5
  Eat: Chunk             |     2 |     4 ||     6
Armor: Animal skin       |    11 |       ||    11
       Ring mail         |    25 |       ||    25
       Chain mail        |    27 |    72 ||    99
Dodge: Dodged            |    79 |    56 ||   135

Vault maps used:
D:1:      matt_arrival_los_fun
D:2:      nicolae_overflow_hidden_temple, elyvilon_altar_3, first_bread,
          nicolae_dithmenos_through_a_glass_darkly
D:3:      kennysheep_goblin_castle, st_stairs_11
